 Dungeon Crawl Stone Soup version 0.22-a0-803-gd6d8abe (webtiles) character file.

868 riteheju the Covered (level 7, -8/54 HPs)
             Began as a Demonspawn Fighter on July 22, 2018.
             Killed by divine providence
             ... invoked by an orc priest
              (15 damage)
             ... on level 5 of the Dungeon.
             The game lasted 00:15:13 (4532 turns).

riteheju the Covered (Demonspawn Fighter)           Turns: 4532, Time: 00:15:15

Health: -8/54      AC: 17    Str: 18    XL:     7   Next: 73%
Magic:  0/7        EV:  3    Int: 10    God:
Gold:   362        SH:  9    Dex: 12    Spells: 6/6 levels left

rFire    . . .     SeeInvis +   a - +0 trident
rCold    . . .     Gourm    .   c - +0 shield
rNeg     . . .     Faith    .   s - +0 plate armour
rPois    .         Spirit   +   u - +0 helmet
rElec    .         Reflect  .   t - +2 cloak
rCorr    .         Harm     .   A - +0 pair of gloves
MR       .....                  (no boots)
Stlth    ..........             (no amulet)
HPRegen  0.18/turn              (no ring)
MPRegen  0.10/turn              p - ring of see invisible

@: drained
A: hooves 2, magic shield, rot immunity
a: no special abilities


You were on level 5 of the Dungeon.
You were not hungry.

You visited 2 branches of the dungeon, and saw 7 of its levels.

You collected 362 gold pieces.

Inventory:

Hand Weapons
 a - a +0 trident (weapon)
Missiles
 j - a throwing net (quivered)
Armour
 b - a +0 scale mail
 c - a +0 shield (worn)
 s - a +0 plate armour (worn)
 t - a +2 cloak (worn)
 u - a +0 helmet (worn)
 y - a +0 large shield
 A - a +0 pair of gloves (worn)
Jewellery
 o - an uncursed ring of positive energy {unknown}
 p - a ring of see invisible (right hand)
Wands
 z - a wand of random effects (14)
Scrolls
 g - a scroll of noise {unknown}
 h - 3 scrolls of magic mapping
 i - a scroll of amnesia {unknown}
 k - a scroll of blinking
 n - a scroll of fear {unknown}
 q - 2 scrolls of fog {unknown}
 v - a scroll of immolation {unknown}
 x - a scroll of identify
Potions
 d - a potion of might
 e - 3 potions of curing
 l - a potion of heal wounds
 m - 2 potions of flight {unknown}
 r - 2 potions of lignification {unknown}
 w - a potion of mutation {unknown}
 B - a potion of agility {unknown}
Comestibles
 f - 4 rations
 C - 7 chunks of flesh


   Skills:
 + Level 4.2(3.3) Fighting
 + Level 4.8(3.9) Polearms
 * Level 5.5(4.6) Armour
 - Level 1.0(0.2) Dodging
 + Level 0.3(0.0) Stealth
 + Level 4.1(3.3) Shields


You had 6 spell levels left.
You didn't know any spells.
Your spell library was empty.

Dungeon Overview and Level Annotations

Branches:
Dungeon (6/15)             Temple (1/1) D:4

Altars:
Cheibriados
Dithmenos
Elyvilon
Fedhas
Gozag
Hepliaklqana
Kikubaaqudgha
Makhleb
Nemelex Xobeh
Qazlal
Ru
Sif Muna
Trog
Uskayaw
Wu Jian
Xom
Yredelemnul
Zin


Innate Abilities, Weirdness & Mutations

You have hoof-like feet.
When hurt, damage is shared between your health and your magic reserves.
You are immune to rotting.


Message History

You block the ogre's attack.
Your shield prevents you from hitting the ogre.
You kick the ogre, but do no damage.
The ogre is severely wounded.
You block the ogre's attack. The orc priest hits you with a flail.
The orc priest invokes the aid of Beogh against you.
Beogh smites you!
You hear a shout!
The orc priest calls down the wrath of Beogh upon you.
Beogh smites you!
There is an open door here.
The orc priest looks braver for a moment.
Your plate armour prevents you from hitting the ogre.
You kick the ogre.
The ogre is almost dead.
The ogre hits you with a giant club!
* * * LOW HITPOINT WARNING * * *
The orc priest calls down the wrath of Beogh upon you.
Beogh smites you!
You die...

......
..........# #.#
......
.......)..####.#
######
..........')...#
..........######
..........#
..........#
########'## #.#
#@#
..#####O#######
........o......
.........######
#........#
#........#
#.....o.)#
#........#
#........#


You could see an ogre and 2 orc priests.

Vanquished Creatures
  Eustachio (D:5)
  A centaur (D:5)
  Blork the orc (D:5)
  A bullfrog (D:1)
  A centaur zombie (D:5)
  A hound (D:4)
  2 bullfrog skeletons (D:4)
  A gnoll shaman (D:6)
  An orc priest (D:4)
  2 orc wizards
  A centaur skeleton (D:5)
  Terence (D:3)
  2 worker ants
  A hound skeleton (D:4)
  3 gnolls (D:5)
  3 adders
  A shadow imp (D:5)
  An adder zombie (D:5)
  An adder skeleton (D:4)
  4 worms
  2 leopard geckos
  12 orcs
  6 bats
  8 giant cockroaches
  10 hobgoblins
  2 jackals (D:5)
  3 ball pythons
  5 frilled lizards
  7 goblins
  8 kobolds
  A quokka skeleton (D:4)
  5 rats
99 creatures vanquished.

Notes
Turn   | Place    | Note
-------+----------+-------------------------------------------
     0 | D:1      | riteheju the Demonspawn Fighter began the quest for the Orb.
     0 | D:1      | Reached XP level 1. HP: 18/18 MP: 1/1
   214 | D:1      | Gained mutation: You have large cloven feet. [demonic ancestry]
   214 | D:1      | Reached XP level 2. HP: 24/24 MP: 2/2
   493 | D:1      | Reached skill level 3 in Armour
   833 | D:2      | Reached XP level 3. HP: 29/29 MP: 3/3
   866 | D:2      | Noticed a bullfrog
   903 | D:1      | Killed a bullfrog
   903 | D:1      | Reached XP level 4. HP: 17/35 MP: 4/4
  1813 | D:3      | Noticed Terence
  1831 | D:3      | Killed Terence
  1831 | D:3      | Gained mutation: You are immune to rotting. [demonic ancestry]
  1831 | D:3      | Reached XP level 5. HP: 14/41 MP: 5/5
  2255 | D:4      | Reached skill level 1 in Dodging
  2478 | D:4      | Reached skill level 4 in Armour
  2478 | D:4      | Gained mutation: You have hoof-like feet. [demonic ancestry]
  2478 | D:4      | Reached XP level 6. HP: 46/48 MP: 6/6
  2974 | D:4      | Found a staircase to the Ecumenical Temple.
  2981 | Temple   | Entered the Ecumenical Temple
  3351 | D:5      | Entered Level 5 of the Dungeon
  3895 | D:5      | Gained mutation: When hurt, damage is shared between your health and your magic reserves. [demonic ancestry]
  3895 | D:5      | Reached XP level 7. HP: 52/54 MP: 7/7
  3909 | D:5      | Noticed Eustachio
  3950 | D:5      | Killed Eustachio
  3950 | D:5      | Reached skill level 5 in Armour
  4396 | D:5      | Noticed Blork the orc
  4411 | D:5      | Killed Blork the orc
  4532 | D:5      | Killed from afar by an orc priest

Vault maps used:
D:1:      saegor_arrival_simple_b, minmay_misc_feat_nine_boxes
D:2:      first_ration, wad_floor_pattern_1, kennysheep_generic_room_11
D:3:      minmay_goblin_kobold_house, uniq_terence
D:4:      minmay_temple_entry_enclosed_plants, roderic_malta_cross
D:5:      vehumet_altar_wand_db, kennysheep_generic_room_16, uniq_eustachio,
          uniq_blork_the_orc
D:6:      black_bear_nest_2, serial_shops, nicolae_shop_statue_plus,
          uniq_menkaure
Temple:   eino_narrow_crystal_temple

Skill      XL: |  1  2  3  4  5  6  7 |
---------------+----------------------+-----
Armour         | 3 4 5 |  5.5
Polearms       | 2 3 4 |  4.8
Shields        | 3 4 |  4.1
Dodging        | 1 |  1.0
Fighting       | 4 |  4.2
Stealth        | |  0.3

Action                   |  1- 3 |  4- 6 |  7- 9 || total
-------------------------+-------+-------+-------++-------
Melee: Trident           |    83 |   200 |   113 ||   396
       Kick              |    10 |    49 |    36 ||    95
  Use: Scroll            |     1 |     5 |     1 ||     7
  Eat: Chunk             |       |     7 |       ||     7
       Ration            |       |     1 |     1 ||     2
Armor: Scale mail        |    22 |    15 |       ||    37
       Plate armour      |       |    64 |    69 ||   133
Dodge: Dodged            |    16 |    24 |    17 ||    57
Block: Shield            |    33 |    96 |    49 ||   178

Table legend:
 A = Spawn XP
 B = Non-spawn XP
 C = Spawn XP percentage of total XP
 D = Spawn monster count
 E = Non-spawn monster count
 F = Spawn count percentage of total count
 G = Total turns spent on level
                    A         B        C        D         E        F      G
               +---------+---------+-------+---------+---------+-------+---------
         Total |       0 |    1241 |   0.0 |       0 |      99 |   0.0 |  4532
               +---------+---------+-------+---------+---------+-------+---------
           D:1 |       0 |     113 |   0.0 |       0 |      16 |   0.0 |   855
           D:2 |       0 |      54 |   0.0 |       0 |      27 |   0.0 |   534
           D:3 |       0 |      72 |   0.0 |       0 |      16 |   0.0 |   818
           D:4 |       0 |     294 |   0.0 |       0 |      16 |   0.0 |   922
           D:5 |       0 |     667 |   0.0 |       0 |      23 |   0.0 |   997
           D:6 |       0 |      41 |   0.0 |       0 |       1 |   0.0 |   184
               +---------+---------+-------+---------+---------+-------+---------
